 Dungeon Crawl Stone Soup version 0.28-a0-872-g80cf8599ee (webtiles) character file.

Game seed: 2621818996967862041

28 frimble the Chopper (level 2, 0/25 HPs)
             Began as a Minotaur Warper on Nov 20, 2021.
             Slain by a hobgoblin (6 damage)
             ... led by Robin
             ... on level 2 of the Dungeon.
             The game lasted 00:00:47 (911 turns).

frimble the Chopper (Minotaur Warper)                Turns: 911, Time: 00:00:47

Health: 0/25       AC:  3    Str: 15    XL:     2   Next: 96%
Magic:  3/3        EV: 11    Int: 10    God:
Gold:   32         SH:  0    Dex:  9    Spells: 4/4 levels left

rFire   . . .      SeeInvis .   a - +0 hand axe
rCold   . . .      Faith    .   (no shield)
rNeg    . . .      Spirit   .   b - +0 leather armour
rPois   .          Reflect  .   (helmet restricted)
rElec   .          Harm     .   (no cloak)
rCorr   .          Rampage  .   (no gloves)
Will    .....                   (no boots)
Stlth   +.........              (no amulet)
HPRegen 0.08/turn               (no ring)
MPRegen 0.08/turn               (no ring)

@: no status effects
A: horns 2, retaliatory headbutt
a: no special abilities


You were on level 2 of the Dungeon.
You visited 1 branch of the dungeon, and saw 2 of its levels.

You collected 32 gold pieces.

Inventory:

Hand Weapons
 a - a +0 hand axe (weapon)
Missiles
 d - 5 boomerangs of dispersal (quivered)
Armour
 b - a +0 leather armour (worn)
 e - a +0 ring mail
Scrolls
 c - a scroll of blinking
 g - 3 scrolls of teleportation {unknown}
 j - a scroll of holy word {unknown}
Potions
 f - a potion of curing {unknown}
 h - a potion of magic {unknown}
 i - a potion of heal wounds {unknown}


   Skills:
 + Level 2.7 Fighting
 + Level 2.8 Axes
 + Level 1.3 Throwing
 + Level 1.6 Armour
 + Level 2.5 Dodging
 + Level 1.5 Spellcasting
 + Level 2.3 Translocations


You had 4 spell levels left.
You didn't know any spells.
Your spell library contained the following spells:

 Spells                   Type           Power      Damage    Failure   Level
 Blink                    Tloc           10%        N/A       24%         2
 Gell's Gravitas          Tloc           5%         N/A       43%         3
 Lesser Beckoning         Tloc           5%         N/A       43%         3
 Teleport Other           Tloc           5%         N/A       43%         3
 Manifold Assault         Tloc           5%         N/A       99%         5


Dungeon Overview and Level Annotations

Branches:
Dungeon (1/15)

Altars:

Annotations:
D:2 Robin


Innate Abilities, Weirdness & Mutations

You have a pair of horns on your head.
You reflexively headbutt those who attack you in melee.


Message History

5 goblins and a hobgoblin come into view.
A goblin is wielding a +1 dagger of holy wrath.
The goblin shouts! x4; The hobgoblin shouts!
The goblin shouts! x2
Robin throws the goblin at you! The goblin barely misses you.
You barely miss the goblin. You barely miss the hobgoblin.
You barely miss the goblin. The goblin barely misses you.
You furiously retaliate!
You headbutt the goblin!
You kill the goblin!
The goblin hits you with a +0 club. The hobgoblin hits you.
You hit the hobgoblin. You headbutt the hobgoblin.
The hobgoblin is almost dead.
You completely miss the goblin. You barely miss the goblin.
You hit the hobgoblin.
The goblin hits you with a +2 dagger of flaming.
The goblin burns you. The goblin barely misses you. The hobgoblin hits you. x2
You are too injured to fight recklessly!
You are too injured to fight recklessly!
You are too injured to fight recklessly!
You are too injured to fight recklessly!
You are too injured to fight recklessly!
You are too injured to fight recklessly!
You are too injured to fight recklessly!
You are too injured to fight recklessly!
You are too injured to fight recklessly!
You are too injured to fight recklessly!
You closely miss the goblin. You headbutt the goblin.
You kill the goblin!
You barely miss the hobgoblin. You hit the hobgoblin but do no damage.
You hit the goblin.
You kill the goblin!
The hobgoblin hits you.
* * * LOW HITPOINT WARNING * * *
The hobgoblin barely misses you. Robin throws the goblin at you!
The goblin barely misses you. The hobgoblin misses you.
Things that are here:
a +0 club; a goblin corpse You barely miss the goblin.
You hit the hobgoblin. You hit the hobgoblin but do no damage.
The hobgoblin hits you.
You die...

#.# #..... #.#
#.#### #
#######.#### #.#
#. .........#.##
#.# ...
##..........###.#
....
#.###...#......#
....g##.#
#..#########
...gg.gg###..#
...ggggg@g...#
....########.# .
#.# #.# #.# #.#
.# ..


You could see Robin, 5 hobgoblins and 5 goblins.

Vanquished Creatures
  4 endoplasms
  A giant cockroach (D:2)
  A hobgoblin (D:1)
  4 jackals (D:1)
  2 quokkas
  3 ball pythons (D:1)
  A bat (D:2)
  4 frilled lizards
  4 goblins
  A rat (D:1)
25 creatures vanquished.

Notes
Turn   | Place    | Note
-------+----------+-------------------------------------------
     0 | D:1      | frimble the Minotaur Warper began the quest for the Orb.
     0 | D:1      | Reached XP level 1. HP: 18/18 MP: 1/1
   372 | D:1      | Reached XP level 2. HP: 25/25 MP: 3/3
   574 | D:1      | Found a faded altar of an unknown god.
   669 | D:1      | You fall into a shaft and drop 1 floor!
   904 | D:2      | Noticed Robin
   911 | D:2      | Slain by a hobgoblin

Illustrated notes

Levels and vault maps discovered:
D:1:      dpeg_arrival_stone_temple_mockup, layout_loops_ring,
          nicolae_ecumenical_snake_handling
D:2:      layout_loops_corners, kennysheep_crisscross, uniq_robin

Action                   || total
-------------------------++-------
Melee: Hand axe          ||    40
       Headbutt          ||     7
 Stab: Sleeping          ||     1
Armor: Leather armour    ||    11
Dodge: Dodged            ||    30

Table legend: (Time is in decaauts)
 A = Elapsed time spent in this place.
 B = Non-inter-level travel time spent in this place.
 C = Inter-level travel time spent in this place.
 D = Time resting spent in this place.
 E = Time spent auto-exploring this place.
 F = Levels seen in this place.
 G = Mean time per level.
                   A        B        C        D        E       F      G
               +--------+--------+--------+--------+--------+-----+--------+
         Total |    917 |    917 |      0 |      0 |    799 |   2 |  458.5 |
       Dungeon |    917 |    917 |      0 |      0 |    799 |   2 |  458.5 |
               +--------+--------+--------+--------+--------+-----+--------+

Top non-repeatable levels by time:
     D:1: 673 daAuts
     D:2: 243 daAuts
